Map: [ESL] Goldenaura

Players

GuMiho - Winner!

  • Race: Terran Terran
  • Spawn Location: 5:00

ByuN

  • Race: Terran Terran
  • Spawn Location: 12:00

Event: IEM Katowice 2024

VOD

https://youtu.be/I0GMN80JT5M?t=3467

Description

Time

  • Played on: Feb. 10, 2024, 2:16 p.m.
  • Length: 8:50

All games in this series

Show
View Real Time Build Order
Export as new Build Order

GuMiho Terran - Winner!

Build Orders:  

Get SALT Encoding   

  12  0:00  SCV  
  13  0:12  SCV  
  14  0:17  Supply Depot  
  14  0:24  SCV  
  14  0:27  Refinery  
  15  0:38  SCV  
  16  0:44  Barracks  
  16  0:50  SCV  
  17  1:02  SCV  
  18  1:14  SCV  
  19  1:30  Orbital Command, Marine  
  19  1:31  Factory  
  20  1:38  Supply Depot  
  20  1:48  Reaper  
  21  1:55  SCV  
  22  2:07  SCV  
  23  2:10  Command Center  
  23  2:16  Hellion  
  23  2:20  SCV  
  23  2:22  Marine  
  26  2:29  Refinery  
  25  2:32  SCV  
  26  2:37  Hellion  
  26  2:41  Marine, Supply Depot  
  29  2:44  SCV  
  30  2:56  SCV  
  31  3:01  Barracks Reactor  
  31  3:02  Cyclone  
  33  3:09  SCV  
  34  3:16  Starport  
  33  3:24  SCV  
  34  3:34  Cyclone  
  34  3:36  SCV  
  34  3:37  Marine x2  
  39  3:41  Orbital Command  
  39  3:48  SCV  
  40  3:50  Hyperflight Rotors  
  40  3:52  Starport Tech Lab  
  42  4:00  SCV  
  41  4:07  SCV  
  41  4:08  Cyclone  
  44  4:11  Banshee  
  44  4:13  Marine  
  44  4:16  SCV  
  49  4:20  SCV  
  49  4:33  SCV x2  
  48  4:45  SCV  
  48  4:46  SCV  
  48  4:48  Command Center  
  50  4:56  Supply Depot  
  50  4:58  SCV  
  54  5:03  SCV  
  52  5:07  Supply Depot  
  52  5:10  SCV  
  53  5:15  SCV  
  53  5:17  Banshee  
  53  5:18  Cyclone x2  
  53  5:21  Barracks Tech Lab  
  61  5:22  SCV, Refinery  
  61  5:23  Factory  
  61  5:25  Refinery  
  62  5:29  SCV  
  62  5:34  SCV  
  64  5:35  Supply Depot  
  64  5:38  Supply Depot  
  64  5:41  SCV  
  65  5:46  SCV  
  66  5:50  Cyclone x2, Factory  
  66  5:54  Barracks Reactor  
  70  5:57  SCV  
  70  5:58  SCV  
  70  5:59  Orbital Command  
  72  6:09  SCV  
  72  6:10  Starport Reactor, SCV  
  74  6:15  Cyclone, Hurricane Engines  
  76  6:21  SCV  
  76  6:22  Cyclone x2, SCV  
  76  6:25  Supply Depot  
  82  6:33  SCV  
  82  6:38  SCV  
  84  6:41  Orbital Command  
  84  6:45  SCV  
  76  6:47  Cyclone  
  76  6:50  SCV  
  76  6:52  Cyclone  
  56  6:54  Cyclone x3  
  56  7:00  SCV  
  48  7:08  SCV x2  
  46  7:16  Medivac  
  46  7:19  Cyclone, SCV  
  46  7:20  SCV x2  
  51  7:24  Cyclone, Medivac  
  55  7:31  SCV  
  55  7:32  SCV x2  
  55  7:36  Cyclone  
  60  7:38  Cyclone  
  60  7:43  SCV  
  63  7:44  SCV x2  
  63  7:45  Cyclone  
  63  7:50  Liberator  
  70  7:55  SCV  
  70  7:56  SCV x2  
  73  8:01  Cyclone x2  
  77  8:07  SCV  
  77  8:08  SCV x2, Supply Depot  
  78  8:17  Cyclone x2  
  78  8:18  Cyclone  
  76  8:28  SCV x2  
Show
View Real Time Build Order
Export as new Build Order

ByuN Terran 

Build Orders:  

Get SALT Encoding   

  12  0:00  SCV  
  13  0:13  Supply Depot  
  13  0:17  SCV  
  14  0:34  Barracks  
  14  0:39  Refinery  
  14  0:54  Barracks  
  14  0:59  SCV  
  15  1:11  SCV  
  16  1:21  Reaper  
  16  1:25  Orbital Command  
  17  1:33  Refinery  
  17  1:41  Reaper  
  18  1:48  Supply Depot  
  18  1:53  SCV  
  19  1:58  Reaper  
  20  2:05  SCV  
  22  2:17  SCV  
  23  2:29  SCV  
  23  2:30  Reaper  
  23  2:31  Factory  
  23  2:35  Reaper  
  24  2:43  SCV  
  25  3:00  SCV  
  25  3:03  Reaper  
  27  3:05  Command Center  
  27  3:07  Reaper  
  28  3:13  SCV, Supply Depot  
  29  3:24  Factory Reactor  
  29  3:26  SCV  
  30  3:36  Starport  
  30  3:38  SCV  
  31  3:49  Supply Depot  
  31  3:50  SCV  
  32  4:00  Cyclone  
  32  4:01  Cyclone  
  32  4:02  SCV  
  37  4:13  Starport Tech Lab  
  37  4:14  SCV, Refinery  
  37  4:16  Supply Depot  
  38  4:21  Orbital Command  
  38  4:26  SCV  
  37  4:38  Cyclone, SCV  
  35  4:41  Cyclone  
  35  4:43  Raven  
  41  4:54  SCV x2  
  41  4:55  Interference Matrix  
  42  5:06  SCV x2  
  44  5:10  Cyclone  
  44  5:13  Cyclone  
  48  5:19  SCV x2  
  52  5:21  Raven  
  52  5:30  Command Center  
  52  5:31  SCV x2  
  54  5:38  Supply Depot  
  54  5:42  Cyclone  
  56  5:45  Cyclone, SCV x2  
  60  5:53  Refinery  
  60  5:55  Raven  
  62  5:57  SCV x2  
  62  6:00  Barracks Tech Lab  
  64  6:09  SCV  
  64  6:10  SCV  
  66  6:14  Cyclone  
  66  6:17  Cyclone  
  70  6:22  SCV x2  
  72  6:26  Factory  
  72  6:30  Viking  
  71  6:34  SCV x2  
  66  6:46  Cyclone, SCV x2  
  65  6:50  Cyclone  
  59  6:58  SCV x2  
  51  7:10  SCV x2  
  51  7:18  Cyclone  
  51  7:22  Cyclone, SCV x2  
  55  7:29  Factory  
  55  7:32  Starport Reactor  
  55  7:33  Barracks Reactor  
  55  7:34  SCV x2  
  57  7:46  SCV x2  
  57  7:50  Cyclone  
  61  7:53  Cyclone  
  61  7:54  Cyclone  
  65  7:58  SCV x2  
  65  8:00  Orbital Command  
  67  8:10  SCV  
  67  8:11  SCV  
  63  8:23  SCV x2  
  63  8:26  SCV  
  71  8:35  SCV x2  
  71  8:38  SCV  

Tags
 
Add a new tag
Caveats
  • Supply blocks, unpowered buildings, or Contaminate may cause inaccurate times.
  • Supply counts are checked every 10 seconds.